 Dungeon Crawl Stone Soup version 0.21-a0-404-g291f19a (webtiles) character file.

6 Mamutox the Ducker (level 1, 0/9 HPs)
             Began as a Spriggan Venom Mage on Nov 1, 2017.
             Slain by a hobgoblin (2 damage)
             ... on level 1 of the Dungeon.
             The game lasted 00:03:47 (438 turns).

Mamutox the Ducker (Spriggan Venom Mage)             Turns: 438, Time: 00:03:47

Health: 0/9        AC:  2    Str:  4    XL:     1   Next: 75%
Magic:  3/5        EV: 18    Int: 16    God:
Gold:   29         SH:  0    Dex: 16    Spells: 4/5 levels left

rFire    . . .     SeeInvis +   (weapon restricted)
rCold    . . .     Gourm    .   (shield restricted)
rNeg     . . .     Faith    .   a - +0 robe
rPois    .         Spirit   .   (helmet restricted)
rElec    .         Reflect  .   (no cloak)
rCorr    .         Harm     .   (gloves unavailable)
MR       .....                  (boots unavailable)
Stlth    ++........             (no amulet)
HPRegen  0.03/turn              (no ring)
MPRegen  0.09/turn              (no ring)

@: very quick
A: unfitting armour, see invisible, herbivore 3, speed 3, slow metabolism 2
a: no special abilities


You were on level 1 of the Dungeon.
You were not hungry.

You visited 1 branch of the dungeon, and saw 1 of its levels.

You collected 29 gold pieces.

Inventory:

Missiles
 d - 41 stones (quivered)
 e - 17 arrows
Armour
 a - a +0 robe (worn)
Scrolls
 f - a scroll of fear {unknown}
Books
 b - a Young Poisoner's Handbook

   Spells                             Type                      Level
   a - Sting                          Conjuration/Poison           1
   b - Poisonous Vapours              Poison/Air                   2
   c - Mephitic Cloud                 Conjuration/Poison/Air       3
   d - Olgreb's Toxic Radiance        Poison                       4
   e - Venom Bolt                     Conjuration/Poison           5
Comestibles
 c - a bread ration


   Skills:
 + Level 3.2 Dodging
 * Level 3.1 Stealth
 + Level 2.8 Spellcasting
 + Level 0.9 Conjurations
 + Level 3.0 Poison Magic


You had 4 spell levels left.
You knew the following spells:

 Your Spells              Type           Power        Failure   Level  Hunger
a - Sting                 Conj/Pois      #...         9%          1    #......


Dungeon Overview and Level Annotations

Branches:
Dungeon (1/15)

Altars:


Innate Abilities, Weirdness & Mutations

You are very small and have problems with some larger weapons.
You are too small for most types of armour.
You have supernaturally acute eyesight. (SInv)
You are a herbivore.
You cover ground extremely quickly.
You need consume almost no food.


Message History

The sting hits the hobgoblin.
The hobgoblin appears unharmed.
The hobgoblin is moderately wounded.
You aren't carrying any potions.
Unknown command.
Unknown command.
You hit the hobgoblin.
The hobgoblin is severely wounded.
The hobgoblin closely misses you. The goblin misses you.
The hobgoblin closely misses you. The goblin completely misses you.
The hobgoblin misses you. The goblin hits you.
The hobgoblin closely misses you. The goblin misses you.
The hobgoblin barely misses you. The goblin misses you.
The hobgoblin closely misses you. The goblin closely misses you.
The hobgoblin hits you. The goblin misses you.
The hobgoblin completely misses you. The goblin closely misses you.
The hobgoblin hits you. The goblin hits you.
* * * LOW HITPOINT WARNING * * *
The hobgoblin barely misses you. The goblin misses you. The hobgoblin hits you.
You die...

#......#.#
#...#....#..
#####..#†#
#...##...##. #..#.#
#....#....##
#..#.####...##....#
#.....###....##....
#.......##....###..
#.#...##.##.....###
#g##.##.#.##.......
#g@....###.####....
##......#.....####.
#.###.#.#.########
#.# #.............
#.###.#.#.######..
#.....#.#.........
#######.#.........
#.##.#####.. #.# .#
#..


You could see a hobgoblin and a goblin.

Vanquished Creatures
  3 jackals (D:1)
  A ball python (D:1)
  A bat (D:1)
  A kobold (D:1)
6 creatures vanquished.

Notes
Turn   | Place    | Note
-------+----------+-------------------------------------------
     0 | D:1      | Mamutox the Spriggan Venom Mage began the quest for the Orb.
     0 | D:1      | Reached XP level 1. HP: 9/9 MP: 5/5
   438 | D:1      | Slain by a hobgoblin

Vault maps used:
D:1:      dpeg_arrival_circle_labyrinth_a, nicolae_ashenzari_panopticon

Action                   || total
-------------------------++-------
Melee: Unarmed           ||     4
Throw: Stone             ||     1
 Cast: Sting             ||    17
Armor: Robe              ||     1
Dodge: Dodged            ||    25

Table legend:
 A = Spawn XP
 B = Non-spawn XP
 C = Spawn XP percentage of total XP
 D = Spawn monster count
 E = Non-spawn monster count
 F = Spawn count percentage of total count
 G = Total turns spent on level
                    A         B        C        D         E        F      G
               +---------+---------+-------+---------+---------+-------+---------
         Total |       0 |       9 |   0.0 |       0 |       6 |   0.0 |   438
               +---------+---------+-------+---------+---------+-------+---------
           D:1 |       0 |       9 |   0.0 |       0 |       6 |   0.0 |   438
               +---------+---------+-------+---------+---------+-------+---------
